 Dungeon Crawl Stone Soup version 0.01-2201-g4211a4d (webtiles) character file.

Game seed: 8210200342680785085, levelgen mode: deterministic

73 Illumine the Skirmisher (level 4, 0/31 HPs) Lignifite Fighter. Began on July 20, 2020. Slain by a big kobold ... wielding a +0 short sword (3 damage) ... on level 2 of the Dungeon. The game lasted 00:03:07 (904 turns).

Illumine the Skirmisher (Lignifite Fighter)          Turns: 904, Time: 00:03:08

Health: 0/31       AC:  1    Str: 28    XL:     4 ^: 91
Magic:  5/5        EV: 16    Int:  9    God:
Gold:   84         SH:  7    Dex:  7    Spells: 3/3 levels left

rFire    x . .     Vision   .   a - +0 morningstar
rCold    . . .     Gourm    .   c - +0 buckler
rNeg     . . .     Faith    .   b - +0 robe
rPois    +         Spirit   .   (helmet restricted)
rElec    .         Reflect  .   (no cloak)
rCorr    .         Harm     .   (gloves unavailable)
MR       .....                  (boots unavailable)
Stlth    +.........             l - amulet of regeneration
HPRegen  0.60/turn              (no ring)
MPRegen  0.15/turn              (no ring)

@: mighty, quick
A: very small, rF-, deformed body, speed 1, poison resistance, slow metabolism
1, torment resistance, plant, rot immunity
a: no special abilities


You were on level 2 of the Dungeon.
You were not hungry.

You visited 1 branch of the dungeon, and saw 2 of its levels.

You collected 84 gold pieces.

Inventory:

Weapons
 a - a +0 morningstar (weapon) Shields
 c - a +0 buckler (shield)
Armour
 b - a +0 robe (worn)
Jewellery
 l - an amulet of regeneration (around neck)
Scrolls
 h - a scroll of fog
 k - 2 scrolls of amnesia
 m - a scroll of magic mapping
Potions
 e - a potion of berserk rage
 g - a potion of brilliance
 i - a potion of curing
 j - 3 potions of resistance
Comestibles
 f - 3 rations


   Skills:
 + Level 3.5 Fighting
 * Level 3.4 Maces & Staves
 + Level 3.1 Dodging
 + Level 3.4 Shields


You had 3 spell levels left.
You didn't know any spells.
Your spell library was empty.

Dungeon Overview and Level Annotations

Branches:
Dungeon (2/8)

Altars:


Innate Abilities, Weirdness & Mutations

Your woody flesh burns easily. (rF-)
A tangle of shorter branches protects your body from attack. (+2 SH)
You are very small and have problems with some larger weapons.
You are too small for most types of armour.
Armour fits poorly on your strangely shaped body.
You cover ground quickly.
Your system is resistant to poisons. (rPois)
You have a slow metabolism.
You are immune to unholy pain and torment.
You require very little carbon dioxide to survive.
You are immune to rotting.


Message History

You barely miss the big kobold. You block the kobold's attack.
The big kobold hits you with a +0 short sword (5).
* * * LOW HITPOINT WARNING * * *
The kobold splashes around in the water.
Unknown command.
You barely miss the big kobold.
The big kobold hits you but does no damage.
The kobold splashes around in the water.
The big kobold closely misses you (0).
You barely miss the big kobold.
The kobold hits you with a +0 short sword (2).
* * * LOW HITPOINT WARNING * * *
The big kobold closely misses you (0).
You closely miss the big kobold.
The kobold hits you with a +0 short sword (2).
* * * LOW HITPOINT WARNING * * *
The big kobold barely misses you (0). The kobold barely misses you (0).
The kobold blocks your attack.
The big kobold hits you with a +0 short sword (3).
You die...

#≈≈≈≈≈P#####
#≈≈≈PPP#.≈≈#
#..≈≈≈..#.#######
#.≈≈≈≈..##...##≈##
#.≈≈...≈......≈†<#
#.≈..≈..........†#
#.≈.≈≈..........≈≈#
#≈..≈≈..###########
#.≈......≈#rK@K=≈≈#
#.≈≈≈≈>...)≈#..##.#
#≈≈≈≈≈.##...#≈≈≈#
..≈≈≈≈. ######.[#
..≈≈≈≈≈ ≈≈# ...r.≈.
### #.≈≈... ≈≈≈≈


You could see a big kobold, a sewer rat and a kobold.

Vanquished Creatures
  An adder (D:1)
  2 sewer rats (D:1)
  2 cinder newts
  An ooze (D:2)
  A leopard gecko (D:1)
  4 bats (D:1)
  A giant cockroach (D:1)
  2 goblins (D:1)
  4 hobgoblins (D:1)
  2 ball pythons (D:2)
  A hobgoblin skeleton (D:2)
  6 kobolds
  3 rats (D:1)
30 creatures vanquished.

Vanquished Creatures (others)
  A jelly (D:2)
  A bat skeleton (D:2)
  23 withered plants (D:2)
25 creatures vanquished.

Grand Total: 55 creatures vanquished

Notes
Turn   | Place    | Note
-------+----------+-------------------------------------------
     0 | D:1      | Illumine the Lignifite Fighter began the quest for the Orb.
     0 | D:1      | Reached XP level 1. HP: 14/14 MP: 2/2
   189 | D:1      | Reached XP level 2. HP: 9/21 MP: 3/3
   542 | D:1      | Reached XP level 3. HP: 26/26 MP: 4/4
   849 | D:2      | Reached XP level 4. HP: 19/31 MP: 5/5
   886 | D:2      | Noticed a big kobold
   904 | D:2      | Slain by a big kobold

Levels and vault maps discovered:
D:1:      dpeg_arrival_prison, layout_rooms, bh_walls_and_bars
D:2:      layout_sewer

Skill      XL: |  1  2  3 |
---------------+----------+-----
Maces & Staves | 3 |  3.4
Dodging        | 3 |  3.1
Fighting       | |  3.5
Shields        | |  3.4

Action                   |  1- 3 |  4- 6 || total
-------------------------+-------+-------++-------
Melee: Morningstar       |   128 |    13 ||   141
  Use: Potion            |       |     1 ||     1
Armor: Robe              |    13 |       ||    13
Dodge: Dodged            |   128 |    12 ||   140
Block: Buckler           |    46 |     7 ||    53
